 Dungeon Crawl Stone Soup version 0.30-a0-223-gcb0039aa0c (webtiles) character file.

Game seed: 10537000883021463204

431 qw the Chopper (level 6, 0/39 HPs)
             Began as a Gargoyle Fighter on Oct 9, 2022.
             Slain by a gnoll sergeant
             ... wielding a +0 trident
              (4 damage)
             ... on level 5 of the Dungeon.
             The game lasted 00:00:56 (2186 turns).

qw the Chopper (Gargoyle Fighter)                   Turns: 2186, Time: 00:00:56

Health: 0/39       AC: 28    Str: 28    XL:     6   Next: 99%
Magic:  6/6        EV:  7    Int:  8    God:
Gold:   185        SH:  4    Dex:  9    Spells: 5/5 levels left

rFire   . . .      SeeInvis .    Y - +2 war axe (protect)
rCold   . . .      Faith    .    c - +0 buckler
rNeg    + . .      Spirit   .    p - +0 plate armour
rPois   inf        Reflect  .    e - +1 helmet
rElec   +          Harm     .    (no cloak)
rCorr   .          Rampage  .    g - +2 pair of gloves
Will    .....                    (no boots)
Stlth   ..........               (no amulet)
HPRegen 0.26/turn                o - +6 ring of strength
MPRegen 0.10/turn                (no ring)

@: about to teleport, under a protective aura
A: sickness immunity, AC +4, negative energy resistance 1, electricity
resistance, torment resistance 1, petrification resistance
a: no special abilities


You were on level 5 of the Dungeon.
You visited 1 branch of the dungeon, and saw 6 of its levels.

You collected 185 gold pieces.


Innate Abilities, Weirdness & Mutations

You are immune to sickness and miasma.
Your stone body is resilient. (AC +4)
You are immune to poison.
You resist negative energy. (rN+)
You are resistant to electric shocks. (rElec)
You are resistant to unholy torment.
You are immune to petrification.


   Skills:
 - Level 4.3 Fighting
 - Level 6.0 Axes
 - Level 3.2 Armour
 + Level 0.9 Dodging
 - Level 3.2 Shields


You had 5 spell levels left.
You didn't know any spells.
Your spell library was empty.

Inventory:

Hand Weapons
 f - a +2 morningstar of protection
 Y - a +2 war axe of protection (weapon)
Armour
 c - a +0 buckler (worn)
 e - a +1 helmet (worn)
 g - a +2 pair of gloves (worn)
 p - a +0 plate armour (worn)
Jewellery
 o - a +6 ring of strength (left hand)
Scrolls
 a - a scroll of identify
 b - a scroll of immolation {unknown}
 i - a scroll of teleportation
Potions
 d - 3 potions of might
 h - a potion of resistance
 j - a potion of cancellation
 l - a potion of heal wounds {unknown}
 n - 4 potions of curing

Dungeon Overview and Level Annotations

Branches:
Dungeon (6/15)
 Temple: D:4-7

Altars:
Gozag
Vehumet

Annotations:
D:3 3 runed translucent doors, qw's ghost, weakling GrFi


Message History

The gnoll sergeant hits you but does no damage.
The gnoll hits you but does no damage. x2
You hit the gnoll sergeant.
The gnoll sergeant is heavily wounded.
You barely miss the gnoll. The gnoll barely misses you.
The gnoll hits you but does no damage.
The gnoll sergeant hits you with a +0 trident.
You hit the gnoll sergeant.
The gnoll sergeant is heavily wounded.
You closely miss the gnoll.
The gnoll sergeant hits you with a +0 trident.
The gnoll hits you but does no damage. The gnoll barely misses you.
You hit the gnoll sergeant.
The gnoll sergeant is severely wounded.
You hit the gnoll.
The gnoll barely misses you. x2; You block the gnoll sergeant's attack. x2
The gnoll hits you from afar with a +0 halberd!
The gnoll hits you with a +0 whip.
You hit the gnoll sergeant but do no damage.
The gnoll sergeant is severely wounded.
You barely miss the gnoll.
The gnoll hits you from afar with a +0 halberd.
The gnoll hits you but does no damage.
The gnoll sergeant hits you with a +0 trident!
2184 ||| READING 2 scrolls of teleportation.
As you read the scroll of teleportation, it crumbles to dust.
You feel strangely unstable. The gnoll sergeant barely misses you.
The gnoll barely misses you. The gnoll hits you with a +0 whip.
You hit the gnoll sergeant but do no damage.
The gnoll sergeant is heavily wounded.
You slash the gnoll!
You kill the gnoll!
The gnoll hits you but does no damage. The gnoll sergeant barely misses you.
You barely miss the gnoll sergeant.
The gnoll sergeant is heavily wounded.
You barely miss the gnoll.
The gnoll hits you but does no damage. x2
The gnoll sergeant hits you with a +0 trident.
You die...

#...../..... ......#
#........... .......
#........... .......
#.#......... .......
#.#......... .......
##.....##..## .......
#......#....#
......g#####......#....#
......g@........#.#.####
)....g#####....##.#....#
..... ##.....#.######
.... #.............. ...
#............## ..
##...........## #
##..........<#
##.........##
##........#


You could see a gnoll sergeant and 2 gnolls.

Vanquished Creatures
  Grinder (D:3)
  An ice beast (D:5)
  A hound (D:5)
  Robin (D:2)
  A mummy (D:5)
  2 adders (D:2)
  2 gnolls (D:5)
  2 dart slugs
  An orc (D:5)
  3 bats
  4 endoplasms
  A giant cockroach (D:3)
  9 goblins
  8 hobgoblins
  2 jackals (D:1)
  A quokka (D:3)
  2 ball pythons (D:3)
  A frilled lizard (D:1)
  2 hobgoblin zombies (D:5)
  4 kobolds
  2 orc zombies (D:5)
  A rat (D:1)
52 creatures vanquished.

Vanquished Creatures (others)
  A plant (D:6)
1 creature vanquished.

Grand Total: 53 creatures vanquished

Notes
Turn   | Place    | Note
-------+----------+-------------------------------------------
     0 | D:1      | qw the Gargoyle Fighter began the quest for the Orb.
     0 | D:1      | Reached XP level 1. HP: 14/14 MP: 1/1
     0 | D:1      | 0 ||| qw: Version: 0.2-a-17-g06abaee
     0 | D:1      | 0 ||| qw: Game counter: 2101
     0 | D:1      | 0 ||| qw: Always use a shield: true
     0 | D:1      | 0 ||| qw: God list: Okawaru
     0 | D:1      | 0 ||| qw: Allow faded altars: false
     0 | D:1      | 0 ||| qw: Do Orc after D:15 true
     0 | D:1      | 0 ||| qw: Do second Lair branch before Depths: true
     0 | D:1      | 0 ||| qw: Lair rune preference: random
     0 | D:1      | 0 ||| qw: Plans: Normal, Zot:1-4, God:TSO, Crypt, Tomb,
                  | Pan, Slime:5, Hells, Abyss, Orb
     0 | D:1      | 0 ||| PLANNING D:1-11
    25 | D:1      | Reached skill level 2 in Axes
    98 | D:1      | Reached XP level 2. HP: 14/19 MP: 2/2
   139 | D:1      | 139 ||| Stepping ~*~*~tactically~*~*~ (stealth).
   156 | D:1      | 156 ||| Stepping ~*~*~tactically~*~*~ (stealth).
   159 | D:1      | 159 ||| Stepping ~*~*~tactically~*~*~ (stealth).
   161 | D:1      | 161 ||| Stepping ~*~*~tactically~*~*~ (stealth).
   406 | D:1      | 406 ||| UPGRADING to +2 pair of gloves.
   411 | D:1      | 411 ||| READING 3 scrolls labelled WEUBLE LAEWKE.
   412 | D:1      | 412 ||| READING scroll labelled ZABRUF CEPH.
   417 | D:1      | 417 ||| READING scroll labelled SYRCHE KEAGU.
   418 | D:1      | 418 ||| READING scroll labelled NIPLEA QAIRU.
   419 | D:1      | 419 ||| READING scroll labelled PONKIPP TEMOL.
   420 | D:1      | 420 ||| READING scroll labelled XON UJIEPNUP.
   421 | D:1      | 421 ||| READING 2 scrolls of identify.
   421 | D:1      | 421 ||| IDENTIFYING fizzy emerald potion
   432 | D:2      | Noticed Robin
   439 | D:2      | Reached skill level 3 in Axes
   441 | D:2      | Reached XP level 3. HP: 20/23 MP: 3/3
   442 | D:2      | Killed Robin
   447 | D:2      | 447 ||| FLEEEEING.
   449 | D:2      | 449 ||| STAIRDANCE
   712 | D:2      | Reached XP level 4. HP: 24/28 MP: 4/4
   912 | D:2      | 912 ||| UPGRADING to +1 helmet.
   917 | D:2      | 917 ||| DRINKING 3 glowing ruby potions.
   918 | D:2      | 918 ||| DRINKING 2 red potions.
   919 | D:2      | 919 ||| DROPPING 2 potions of degeneration.
   945 | D:3      | 945 ||| Stepping ~*~*~tactically~*~*~ (hiding).
  1058 | D:3      | Reached skill level 4 in Axes
  1131 | D:3      | 1131 ||| READING 3 scrolls of brand weapon.
  1131 | D:3      | 1131 ||| BRANDING +1 war axe of draining.
  1132 | D:3      | 1132 ||| READING 2 scrolls of brand weapon.
  1132 | D:3      | 1132 ||| BRANDING +1 war axe of protection.
  1133 | D:3      | 1133 ||| READING scroll of brand weapon.
  1133 | D:3      | 1133 ||| BRANDING +1 vorpal war axe.
  1296 | D:3      | Identified the +1 whip of Grontol {freeze, rElec rC+ Will+}
  1298 | D:3      | 1298 ||| DROPPING +0 mace.
  1382 | D:3      | Found an opulent altar of Gozag.
  1382 | D:3      | Noticed Grinder
  1383 | D:3      | 1383 ||| Stepping ~*~*~tactically~*~*~ (hiding).
  1384 | D:3      | 1384 ||| Stepping ~*~*~tactically~*~*~ (hiding).
  1396 | D:3      | Killed Grinder
  1397 | D:3      | Reached skill level 5 in Axes
  1397 | D:3      | Reached XP level 5. HP: 25/32 MP: 5/5
  1397 | D:3      | Reached XP level 6. HP: 29/37 MP: 6/6
  1487 | D:3      | Noticed qw's ghost (weakling GrFi)
  1496 | D:3      | Found a runed translucent gate.
  1496 | D:3      | Found a runed translucent gate.
  1496 | D:3      | Found a runed translucent gate.
  1582 | D:3      | Found a radiant altar of Vehumet.
  1832 | D:3      | 1832 ||| UPGRADING to +0 plate armour.
  1842 | D:3      | 1842 ||| DROPPING +0 scale mail.
  1843 | D:3      | 1843 ||| UPGRADING to +6 ring of strength.
  1844 | D:3      | 1844 ||| READING scroll labelled ROSYNIU RETOCA.
  1845 | D:3      | 1845 ||| READING 3 scrolls of identify.
  1845 | D:3      | 1845 ||| IDENTIFYING viscous blue potion
  1846 | D:3      | 1846 ||| READING 2 scrolls of identify.
  1846 | D:3      | 1846 ||| IDENTIFYING grey potion
  1847 | D:3      | 1847 ||| DROPPING potion of brilliance.
  1882 | D:4      | You fall into a shaft and drop 2 floors!
  1919 | D:6      | Noticed an orc warrior
  1974 | D:6      | 1974 ||| DROPPING ring of magical power.
  1981 | D:5      | Entered Level 5 of the Dungeon
  2046 | D:5      | Noticed an ice beast
  2056 | D:5      | Killed an ice beast
  2093 | D:5      | Reached skill level 6 in Axes
  2094 | D:5      | 2094 ||| DROPPING +1 whip of Grontol {freeze, rElec rC+
                  | Will+}.
  2102 | D:5      | 2102 ||| Stepping ~*~*~tactically~*~*~ (stealth).
  2120 | D:5      | 2120 ||| Stepping ~*~*~tactically~*~*~ (stealth).
  2122 | D:5      | 2122 ||| Stepping ~*~*~tactically~*~*~ (stealth).
  2147 | D:5      | 2147 ||| READING scroll of enchant weapon.
  2147 | D:5      | 2147 ||| ENCHANTING +1 war axe of protection.
  2183 | D:5      | HP: 5/39 [gnoll sergeant/+0 trident (9)]
  2184 | D:5      | 2184 ||| READING 2 scrolls of teleportation.
  2186 | D:5      | Slain by a gnoll sergeant

Levels and vault maps discovered:
D:1:      evilmike_arrival_crescent, layout_rooms, hangedman_decor_points
D:2:      layout_rooms, uniq_robin
D:3:      layout_loops_ring, nicolae_vehumet_altar_sigil,
          grunt_gozag_breadcrumbs, gammafunk_ghost_split, minivault_4,
          uniq_grinder
D:4:      layout_gridville, serial_demonic, serial_demonic_e, serial_demonic_g,
          serial_demonic_c, serial_demonic_e, minmay_tree_intersection,
          uniq_sigmund
D:5:      minmay_opposing_rooms, layout_cave_pods, minmay_mini_ossuary
D:6:      kennysheep_housing_project, layout_gridville,
          mainiacjoe_overflow_small_starburst, minmay_misc_feat_roman

Skill      XL: |  1  2  3  4  5  6 |
---------------+-------------------+-----
Axes           | 2 3 5 6 |  6.0
Fighting       | 4 |  4.3
Armour         | |  3.2
Dodging        | |  0.9
Shields        | |  3.2

Action                   |  1- 3 |  4- 6 || total
-------------------------+-------+-------++-------
Melee: War axe           |    64 |    68 ||   132
  Use: Scroll            |     7 |     8 ||    15
       Potion            |       |     2 ||     2
Armor: Scale mail        |    43 |    15 ||    58
       Plate armour      |       |    24 ||    24
Dodge: Dodged            |    29 |    25 ||    54
Block: Buckler           |    10 |     6 ||    16

Table legend:
 A = Non-vault XP
 B = Vault XP
 C = Vault XP percentage of total XP
 D = Non-vault monster count
 E = Vault monster count
 F = Vault count percentage of total count
                 A         B        C        D         E       F
            +---------+---------+-------+---------+---------+-------
      Total |     283 |     333 |  54.1 |      36 |      16 |  30.8
            +---------+---------+-------+---------+---------+-------
        D:1 |      23 |       0 |   0.0 |      13 |       0 |   0.0
        D:2 |      41 |      30 |  42.3 |       8 |       9 |  52.9
        D:3 |      19 |     281 |  93.7 |      10 |       1 |   9.1
        D:5 |     200 |      20 |   9.1 |       5 |       5 |  50.0
        D:6 |       0 |       2 | 100.0 |       0 |       1 | 100.0
            +---------+---------+-------+---------+---------+-------
